Map: Симулякр РВ

Players

Dolmatt

  • Race: Terran Terran
  • League: Diamond
  • Spawn Location: 5:00

Calculated - Winner!

  • Race: Zerg Zerg
  • League: Diamond
  • Spawn Location: 11:00

VOD

Have the link to the VOD?

Description

Time

  • Played on: April 10, 2020, 8:29 p.m.
  • Length: 3:24
Show
View Real Time Build Order
Export as new Build Order

Dolmatt Terran 

Build Orders:  

Get SALT Encoding   

  12  0:01  SCV  
  13  0:13  SCV  
  14  0:17  Supply Depot  
  14  0:25  SCV  
  15  0:29  Refinery  
  15  0:39  SCV  
  16  0:51  SCV  
  16  0:52  Barracks  
  17  1:03  SCV  
  18  1:15  SCV  
  19  1:20  Supply Depot  
  19  1:23  Refinery  
  19  1:27  SCV  
  21  1:40  SCV  
  21  1:41  Barracks Tech Lab  
  21  1:45  Factory  
  21  1:54  Orbital Command  
  21  2:08  Marine  
  22  2:26  SCV  
  23  2:34  Marine  
  24  2:38  SCV  
  24  2:42  Supply Depot  
  25  2:50  SCV  
  26  3:04  SCV  
  19  3:11  Supply Depot  
Show
View Real Time Build Order
Export as new Build Order

Calculated Zerg - Winner!

Build Orders: 1 Base Baneling Bust, Pool Only 

Get SALT Encoding   

  12  0:17  Spawning Pool  
  12  0:20  Extractor  
  10  0:24  Drone  
  11  0:30  Drone  
  12  0:40  Overlord  
  12  1:04  Zergling x6  
  15  1:15  Zergling x2  
  16  1:22  Metabolic Boost  
  16  1:26  Zergling x2  
  17  1:36  Zergling x2  
  18  1:42  Baneling Nest  
  17  1:47  Zergling x2  
  18  1:59  Zergling x2  
  19  2:11  Zergling x2  
  20  2:19  Overlord  
  20  2:33  Zergling x2  
  20  2:37  Baneling x3  
  20  2:38  Baneling x2  
  20  2:40  Baneling  
  20  2:44  Zergling x2  
  21  2:51  Zergling x2  
Tags
 
Add a new tag
Caveats
  • Supply blocks, unpowered buildings, or Contaminate may cause inaccurate times.
  • Supply counts are checked every 10 seconds.